 Dungeon Crawl Stone Soup version 0.30-a0-591-g3c58d2bc28 (webtiles) character file.

Game seed: 9519091959091621406

16986 kae the Transmogrifier (level 12, -31/104 HPs)
             Began as a Demonspawn Transmuter on Jan 4, 2023.
             Was a Follower of Ru.
             Killed from afar by a lindwurm (58 damage)
             ... with a blast of flame
             ... in a volcano.
             The game lasted 00:18:09 (13503 turns).

kae the Transmogrifier (Demonspawn Transmuter)     Turns: 13503, Time: 00:18:09

Health: -31/104    AC: 10    Str: 12    XL:     12   Next: 14%
Magic:  0/24       EV: 17    Int: 21    God:    Ru [*.....]
Gold:   600        SH:  0    Dex: 15    Spells: 18/27 levels left

rFire   x . .      SeeInvis .      - Unarmed
rCold   + + +      Faith    +    (shield currently unavailable)
rNeg    . . .      Spirit   +    (body armour currently unavailable)
rPois   +          Reflect  .    (helmet currently unavailable)
rElec   .          Harm     .    (cloak currently unavailable)
rCorr   .          Rampage  .    (gloves currently unavailable)
Will    .....                    (boots currently unavailable)
Stlth   +                        T - amulet of faith {!P}
HPRegen 0.37/turn                E - +5 ring of evasion
MPRegen 0.38/turn                Y - +4 ring of slaying

@: ice-form
A: freezing attack, amphibious, boosted hp, large, magic shield, magic
regeneration, magic link, no conjurations magic, no hexes magic, no poison
magic, big brain 2, demonic magic 2, (weakness stinger 1), sense surroundings 1
a: End Transformation, Renounce Religion


You were in a volcano.
You worshipped Ru.
Ru was aware of your devotion.
You were a creature of crystalline ice.
You visited 3 branches of the dungeon, and saw 12 of its levels.
You also visited: Ossuary, Bailey and Volcano.

You collected 855 gold pieces.
You spent 255 gold pieces at shops.


Innate Abilities, Weirdness & Mutations

You are a creature of crystalline ice.
You have a powerful freezing melee attack.
You are amphibious.
Your maximum health is increased.
Your armour is entirely melded.
You are incapable of wielding weapons or throwing items.
When hurt, damage is shared between your health and your magic reserves.
You regenerate magic rapidly.
When low on magic, you restore magic in place of health.
You cannot study or cast Conjurations magic.
You cannot study or cast Hexes magic.
You cannot study or cast Poison magic.
You have an extremely huge brain. (Int +4)
Spells you cast may paralyse nearby enemies.
((You have a small tail.))
You passively map a small area around you.


   Skills:
 + Level 5.8 Fighting
 + Level 5.5 Dodging
 + Level 8.5 Unarmed Combat
 + Level 8.2 Spellcasting
 * Level 11.4 Transmutations
 - Level 7.1 Ice Magic


You had 18 spell levels left.
You knew the following spells:

 Your Spells              Type           Power      Damage    Failure   Level
b - Wereblood             Tmut           54%        N/A       1%          2
c - Spider Form           Tmut/Pois      32%        N/A       2%          3
d - Ice Form              Ice/Tmut       47%        N/A       1%          4

Your spell library contained the following spells:

 Spells                   Type           Power      Damage    Failure   Level
 Beastly Appendage        Tmut           100%       N/A       1%          1
 Sublimation of Blood     Necr           8%         N/A       12%         2
 Summon Hydra             Summ           4%         N/A       100%        7
 Cigotuvi's Dreadful Rot  Necr/Pois/Air  Unusable   N/A       N/A         2
 Poisonous Vapours        Pois/Air       Unusable   N/A       N/A         2
 Alistair's Intoxication  Tmut/Pois      Unusable   N/A       N/A         5
 Inner Flame              Hex/Fire       Unusable   N/A       N/A         3
 Mephitic Cloud           Conj/Pois/Air  Unusable   N/A       N/A         3
 Summon Guardian Golem    Hex/Summ       Unusable   N/A       N/A         3

Inventory:

Missiles
 f - 122 stones
 o - 12 poisoned darts
 t - 5 atropa-tipped darts
 D - 9 boomerangs
 F - 2 throwing nets {=f!f}
Armour
 A - the +4 skin of Zhor (melded) {*Englaciate rC+++ SInv}
   (You found it on level 7 of the Dungeon)

   It radiates cold, occasionally slowing all nearby creatures who are not
   resistant to cold.
   rC:        It renders you almost immune to cold.
   SInv:      It lets you see invisible.
Magical Staves
 m - a staff of cold {!a}
   (You found it on level 4 of the Dungeon)
Jewellery
 v - a ring of see invisible
   (You found it on level 8 of the Dungeon)
 C - a ring of ice
   (You found it on level 1 of the Dungeon)
 E - a +5 ring of evasion (left front paw)
   (You found it on level 3 of the Dungeon)
 O - a +4 ring of protection
   (You found it on level 9 of the Dungeon)
 T - an amulet of faith (around neck) {!P}
   (You found it on level 2 of the Dungeon)
 Y - a +4 ring of slaying (right front paw)
   (You found it on level 3 of the Dungeon)
Wands
 w - a wand of polymorph (12)
   (You found it on level 6 of the Dungeon)
 y - a wand of charming (4)
   (You found it on level 6 of the Dungeon)
 z - a wand of light (9)
   (You took it off a gnoll on level 6 of the Dungeon)
 L - a wand of roots (1)
   (You took it off Grum on level 9 of the Dungeon)
Scrolls
 d - 2 scrolls of vulnerability {!r!r}
 e - 9 scrolls of teleportation {@r4}
 g - 2 scrolls of fog
 j - 3 scrolls of silence {!r}
 p - 2 scrolls of magic mapping {!r}
 q - a scroll of poison {!r}
 G - 3 scrolls of fear
 H - 5 scrolls of identify {@r1}
Potions
 a - a potion of resistance
 b - 4 potions of lignification {!q}
 c - a potion of berserk rage {!q}
 h - 3 potions of haste {@q3}
 i - 3 potions of flight
 k - 3 potions of degeneration {!q}
 l - 6 potions of curing {@q1}
 n - 2 potions of cancellation
 r - 2 potions of magic
 s - 4 potions of heal wounds {@q2}
 u - 7 potions of mutation {!q}
 x - 2 potions of attraction {!q}
 B - a potion of ambrosia
 I - a potion of might
 J - a potion of invisibility
 K - 2 potions of brilliance

Dungeon Overview and Level Annotations

Branches:
Dungeon (10/15) Zot: 25852  Temple (1/1) D:4 Zot: 5800    Lair (1/5) D:9 Zot: 5655
Ossuary (visited)          Bailey (visited)         Volcano (1/1) Zot: 5343
    Orc: D:9-12

Altars:
Ashenzari
Cheibriados
Dithmenos
Fedhas
Gozag
Hepliaklqana
Kikubaaqudgha
Makhleb
Nemelex Xobeh
Okawaru
Qazlal
Ru
Sif Muna
Trog
Uskayaw
Vehumet
Wu Jian
Xom
Yredelemnul

Shops:
D:3 [   D:4 *   D:8 (**!

Annotations:
D:9 Harold
D:10 Erolcha
Lair:1 1 transporter, Othiruos's ghost, journeyman DsCj

* ###.....#.≈. #8..8
#......... #....
#≈.....#.. #....
##........ #8..8
##......≈.. #....
##.....###.. #...§
#.....## ##. #...k##
#.....## ## #.§kY##
#≈.÷..§### #
##.§..#####§#.≈.#.#
#
##.....§§.÷§...§####
##....#≈.≈.§#.≈§§#.
###....≈.§...#..§.
###...§.§.......
##########..§§ #####


You could see 2 lindwurms.


Message History

You hit the smoke demon. You freeze the smoke demon.
The smoke demon gestures at you. Something smites you!
* * * LOW HITPOINT WARNING * * *
😨 HP[-8] MP[-4]
You take 8 damage, and now have 46/104 hp.
You lost 4 mp, and now have 20/24 mp.
You barely miss the smoke demon.
The smoke demon hits you but does no damage. x2
The smoke demon hits you.
* * * LOW HITPOINT WARNING * * *
😨 HP[-1]
You take 1 damage, and now have 45/104 hp.
You barely miss the smoke demon. The smoke demon barely misses you.
The smoke demon closely misses you.
The smoke demon barely misses you. 😨 MP[+1] Unknown command.
You barely miss the smoke demon.
The smoke demon hits you but does no damage. x3
You barely miss the smoke demon. 😨 HP[+1] Unknown command.
You pummel the smoke demon!! You freeze the smoke demon.
The smoke demon misses you.
The smoke demon hits you but does no damage. x2 😨 MP[+1]
You hit the smoke demon. You freeze the smoke demon.
The smoke demon hits you but does no damage. x2
The smoke demon completely misses you.
Unknown command.
You pummel the smoke demon!! You freeze the smoke demon.
You kill the smoke demon! 😨 HP[+1] 😨 MP[+1]
You start resting. 😨 HP[+1] MP[+1]
Your mp is fully restored (24).
Unknown command.
Unknown command.
Your transformation is almost over.
You warm up again.
The +4 skin of Zhor {*Englaciate rC+++ SInv} unmelds from your body.
Key pressed, stopping explore.
You see here a lindwurm skeleton.
You see here a lindwurm skeleton.
Key pressed, stopping explore.
A lindwurm comes into view.
The lindwurm roars! 😎 HP[+39]
You now have 87 max hp (-17).
Your hp is fully restored (87).
A lindwurm is nearby!
Unknown command.
A lindwurm is nearby!
A lindwurm is nearby!
Casting: Ice Form (dangerous; 1% risk of failure)
Confirm with . or Enter, or press ? or * to list all spells.
You turn into a creature of crystalline ice.
The +4 skin of Zhor {*Englaciate rC+++ SInv} melds into your body.
Malevolent energies surge around you.
A lindwurm comes into view. 😎 HP[+17] MP[-4]
You now have 104 max hp (+17).
Your hp is fully restored (104).
You lost 4 mp, and now have 20/24 mp. 😎 MP[+1]
A lindwurm is nearby!
The lindwurm breathes flames at you. The blast of flame hits you!!!
The fire burns you terribly! 😮 HP[-41] MP[-8]
You take 41 damage, and now have 63/104 hp.
MASSIVE DAMAGE!! (PAUSE)
You lost 8 mp, and now have 13/24 mp.
The lindwurm begins to attack, but is stunned by your conviction! 😮 MP[+1]
You hit the lindwurm but do no damage. The lindwurm barely misses you.
The lindwurm claws you but does no damage.
The lindwurm closely misses you. 😮 HP[+1]
You hit the lindwurm but do no damage. The lindwurm misses you. x3
Unknown command.
You pummel the lindwurm!! You freeze the lindwurm!
The lindwurm is stunned by your conviction and fails to attack. 😮 MP[+1]
You punch the lindwurm! You freeze the lindwurm!
The lindwurm breathes flames at you. The blast of flame hits you!!!
The fire burns you terribly!
* * * LOW HITPOINT WARNING * * *
The lindwurm bites you!
* * * LOW HITPOINT WARNING * * *
The lindwurm claws you.
* * * LOW HITPOINT WARNING * * *
The lindwurm barely misses you. 😱 HP[-61] MP[-15]
You take 61 damage, and now have 3/104 hp.
MASSIVE DAMAGE!! (PAUSE)
You lost 15 mp, and now have 0/24 mp.
You feel much better. The lindwurm breathes flames at you.
The blast of flame hits you!!! The fire burns you terribly!
Ouch! That really hurt!
You die...

Skill      XL: |  1  2  3  4  5  6  7  8  9 10 11 12 |
---------------+-------------------------------------+-----
Transmutations | 2 3 4 8 9 10 11 | 11.4
Unarmed Combat | 3 4 6 7 8 |  8.5
Poison Magic   | 1 0 |  0.0
Spellcasting   | 3 5 6 7 8 |  8.2
Ice Magic      | 2 7 |  7.1
Dodging        | 2 4 5 |  5.5
Fighting       | 2 4 5 |  5.8

Action                   |  1- 3 |  4- 6 |  7- 9 | 10-12 || total
-------------------------+-------+-------+-------+-------++-------
Melee: Unarmed           |   111 |   139 |   205 |   411 ||   866
       Kick              |    32 |     9 |     2 |       ||    43
       Headbutt          |    12 |     9 |     1 |       ||    22
       Punch             |     3 |       |       |     2 ||     5
       Tailslap          |       |       |       |     1 ||     1
 Cast: Beastly Appendage |    25 |    13 |     2 |       ||    40
       Wereblood         |     2 |     3 |     6 |    13 ||    24
       Spider Form       |     1 |    11 |     3 |       ||    15
       Ice Form          |       |     1 |    21 |    49 ||    71
Invok: Sacrifice Arcana  |       |       |       |     1 ||     1
 Abil: End Transformatio |       |     1 |     1 |       ||     2
  Use: Scroll            |     7 |     1 |     9 |     4 ||    21
       Potion            |     2 |       |     1 |     6 ||     9
 Stab: Sleeping          |     1 |       |       |     1 ||     2
       Paralysed         |       |       |     6 |     8 ||    14
       Distracted        |       |       |     1 |       ||     1
Armor: Robe              |    22 |     9 |     1 |       ||    32
       Skin              |     1 |     6 |    40 |    82 ||   129
       Animal skin       |       |       |       |     7 ||     7
Dodge: Dodged            |    71 |    97 |   126 |   261 ||   555

Levels and vault maps discovered:
D:1:      amcnicky_arrival_flooded_fountain, layout_basic, dk_noncrumbling_4
D:2:      layout_rooms
D:3:      layout_basic, chequers_temple_overflow_statue_of_worship,
          serial_shops, shop, uniq_robin, uniq_jessica
D:4:      layout_basic, minmay_temple_entry_overgrown,
          nicolae_shop_sticking_my_neck_out
D:5:      layout_loops_ring, mainiacjoe_overflow_catwalk_spiral,
          enter_ossuary_2, uniq_menkaure
D:6:      layout_rooms, gammafunk_temple_overflow_statue, glass_columns_c,
          minmay_lizard_king
D:7:      layout_basic, hellmonk_guarded_unrand_zhor, uniq_prince_ribbit1,
          uniq_joseph
D:8:      layout_rooms, fedhas_altar_decomposition, serial_shops,
          kennysheep_mini_moat, nicolae_stop_n_shop_2, nicolae_shop_crystal,
          nicolae_square_shop, enter_bailey_5, kennysheep_donut,
          kennysheep_generic_room_3
D:9:      layout_irregular_city, david_lair_shrubbed, uniq_grum, uniq_harold
D:10:     layout_basic, makhleb_altar_promises_db, uniq_psyche, uniq_erolcha
Temple:   nicolae_temple_bog_church
Lair:1:   layout_chaotic_city, gammafunk_ghost_arena, enter_volcano_1,
          grunt_megastairs_5, lemuel_fruit_tree, uniq_urug, uniq_sonja,
          uniq_erica
Volcano:  hellmonk_smoking_crater

Notes
Turn   | Place    | Note
-------+----------+-------------------------------------------
     0 | D:1      | kae the Demonspawn Transmuter began the quest for the Orb.
     0 | D:1      | Reached XP level 1. HP: 15/15 MP: 3/3
     0 | D:1      | magus.rc [v1.11.3]
   220 | D:1      | Reached skill level 2 in Transmutations
   396 | D:1      | Gained mutation: You regenerate magic rapidly. [demonic
                  | ancestry]
   396 | D:1      | Reached XP level 2. HP: 19/21 MP: 3/5
  1166 | D:1      | Learned a level 2 spell: Wereblood
  1514 | D:2      | Reached skill level 3 in Unarmed Combat
  1553 | D:2      | Reached XP level 3. HP: 26/26 MP: 6/6
  1557 | D:2      | Learned a level 3 spell: Spider Form
  1745 | D:2      | HP: 6/26 [poisoned by an adder]
  1746 | D:2      | Gained mutation: You passively map a small area around you.
                  | [potion of mutation]
  1883 | D:3      | Found a snail-covered altar of Cheibriados.
  1883 | D:3      | Found a shadowy altar of Dithmenos.
  1884 | D:3      | Found a shimmering blue altar of Sif Muna.
  1976 | D:3      | Reached skill level 1 in Poison Magic
  2012 | D:3      | Noticed Robin
  2033 | D:3      | Reached XP level 4. HP: 21/32 MP: 3/7
  2038 | D:3      | Killed Robin
  2042 | D:3      | Reached skill level 3 in Transmutations
  2164 | D:3      | Noticed Jessica
  2192 | D:3      | Killed Jessica
  2554 | D:3      | You add the spells Summon Guardian Golem, Inner Flame and
                  | Alistair's Intoxication to your library.
  2554 | D:3      | Got Tenael's Excursus on Doom and the Scorpion
  2646 | D:3      | Found Jezef's Armour Boutique.
  2746 | D:3      | Gained mutation: You have an unusually large brain. (Int
                  | +2) [demonic ancestry]
  2746 | D:3      | Reached XP level 5. HP: 24/37 MP: 6/9
  3239 | D:4      | Reached skill level 3 in Spellcasting
  3307 | D:4      | Reached skill level 4 in Transmutations
  3381 | D:4      | Noticed an orc warrior
  3392 | D:4      | HP: 8/37 [orc priest/divine providence (15)]
  3545 | D:4      | Learned a level 4 spell: Ice Form
  3569 | D:4      | Gained mutation: Spells you cast may paralyse adjacent
                  | enemies. [demonic ancestry]
  3569 | D:4      | Reached XP level 6. HP: 19/43 MP: 10/10
  3694 | D:3      | Reached skill level 1 in Ice Magic
  3958 | D:4      | Reached skill level 4 in Unarmed Combat
  4152 | D:4      | Reached skill level 2 in Ice Magic
  4152 | D:4      | Reached XP level 7. HP: 48/48 MP: 9/12
  4218 | D:4      | You pick up a book of Blood and begin reading...
  4218 | D:4      | You add the spells Sublimation of Blood and Summon Hydra to
                  | your library.
  4420 | D:4      | Found Qaut's Neck Hole.
  4543 | D:4      | Found a staircase to the Ecumenical Temple.
  4552 | D:4      | You pick up a book of Vapours and begin reading...
  4552 | D:4      | You add the spells Poisonous Vapours, Cigotuvi's Dreadful
                  | Rot and Mephitic Cloud to your library.
  4557 | Temple   | Entered the Ecumenical Temple
  4885 | D:5      | Entered Level 5 of the Dungeon
  4893 | D:5      | Identified the +1 ring mail "Usana" {Slay+2}
  4955 | D:5      | Reached skill level 5 in Transmutations
  4992 | D:5      | Found a sand-covered staircase.
  4997 | Ossuary  | Entered an ossuary
  5032 | Ossuary  | Reached skill level 3 in Ice Magic
  5110 | Ossuary  | Reached skill level 4 in Spellcasting
  5251 | D:5      | Identified a potion of experience
  5253 | D:5      | Reached skill level 6 in Unarmed Combat
  5253 | D:5      | Reached skill level 5 in Spellcasting
  5253 | D:5      | Reached skill level 8 in Transmutations
  5253 | D:5      | Reached skill level 7 in Ice Magic
  5253 | D:5      | Gained mutation: When hurt, damage is shared between your
                  | health and your magic reserves. [demonic ancestry]
  5253 | D:5      | Reached XP level 8. HP: 54/54 MP: 13/16
  5326 | D:5      | Reached skill level 6 in Spellcasting
  5457 | D:5      | Found a sparkling altar of Nemelex Xobeh.
  5475 | D:5      | Found a bloodstained altar of Trog.
  5608 | D:5      | Noticed Menkaure
  5615 | D:5      | Gained mutation: When low on magic, you restore magic in
                  | place of health. [demonic ancestry]
  5615 | D:5      | Reached XP level 9. HP: 42/59 MP: 6/18
  5757 | D:5      | Killed Menkaure
  5916 | D:5      | Reached skill level 2 in Dodging
  6429 | D:6      | Found a shimmering altar of Xom.
  6597 | D:6      | Reached skill level 2 in Fighting
  6884 | D:6      | Reached skill level 9 in Transmutations
  6986 | D:6      | Found a sacrificial altar of Ru.
  6993 | D:6      | Became a worshipper of Ru the Awakened
  7039 | D:7      | Noticed a rime drake
  7042 | D:7      | Noticed a rime drake
  7042 | D:7      | Noticed a rime drake
  7051 | D:7      | Found the +4 skin of Zhor {*Englaciate rC+++ SInv}
  7052 | D:7      | Killed a rime drake
  7059 | D:7      | Killed a rime drake
  7063 | D:7      | Killed a rime drake
  7064 | D:7      | Reached skill level 7 in Unarmed Combat
  7064 | D:7      | Gained mutation: Spells you cast may paralyse nearby
                  | enemies. [demonic ancestry]
  7064 | D:7      | Reached XP level 10. HP: 56/68 MP: 13/19
  7078 | D:7      | Reached skill level 3 in Dodging
  7250 | D:7      | Reached skill level 3 in Fighting
  7345 | D:7      | Noticed Prince Ribbit
  7356 | D:7      | Killed Prince Ribbit
  7599 | D:7      | Noticed Joseph
  7626 | D:7      | Killed Joseph
  8214 | D:8      | Found Gicsuhol's Assorted Antiques.
  8226 | D:8      | Bought a murky sapphire potion for 25 gold pieces
  8256 | D:8      | Found Qailuisey's Antique Weapon Emporium.
  8271 | D:8      | Identified the +2 chain mail of Catatonia {Int+3}
  8302 | D:8      | Reached skill level 7 in Spellcasting
  8325 | D:8      | Found a flagged portal.
  8335 | Bailey   | Entered a bailey
  8402 | Bailey   | HP: 19/85 [human/+2 heavy hand axe (11)]
  8407 | Bailey   | HP: 10/85 [human/+0 war axe (7)]
  8412 | Bailey   | Reached skill level 10 in Transmutations
  8622 | Bailey   | Reached skill level 4 in Fighting
  8627 | Bailey   | Noticed a vault guard
  8685 | Bailey   | Killed a vault guard
  8686 | Bailey   | Reached skill level 4 in Dodging
  8686 | Bailey   | Gained mutation: You have a small tail. [demonic ancestry]
  8686 | Bailey   | Reached XP level 11. HP: 54/77 MP: 7/21
  8992 | Bailey   | Noticed a vault guard
  9046 | Bailey   | Killed a vault guard
  9335 | D:8      | Found a blossoming altar of Fedhas.
  9425 | D:8      | Noticed a two-headed ogre
  9432 | D:8      | Killed a two-headed ogre
  9441 | D:8      | Found Gocvism's Distillery.
  9449 | D:8      | Bought a potion of cancellation for 80 gold pieces
  9449 | D:8      | Bought a potion of might for 40 gold pieces
  9449 | D:8      | Bought a potion of invisibility for 80 gold pieces
  9459 | D:8      | Found Ytsuh's General Store.
  9462 | D:8      | Bought a scroll of identify for 30 gold pieces
 10219 | D:9      | Noticed Grum
 10413 | D:9      | Reached skill level 8 in Unarmed Combat
 10459 | D:9      | Found a staircase to the Lair.
 10510 | D:9      | Reached skill level 5 in Fighting
 10770 | D:9      | Killed Grum
 10989 | D:9      | Noticed Harold
 11339 | D:10     | Entered Level 10 of the Dungeon
 11427 | D:10     | Reached skill level 5 in Dodging
 11910 | D:10     | Noticed Psyche
 11922 | D:10     | Killed Psyche
 11923 | D:10     | Reached skill level 11 in Transmutations
 11992 | D:10     | Noticed Erolcha
 11992 | D:10     | HP: 24/96 [Erolcha/fireball (35)]
 12185 | D:10     | Found a burning altar of Makhleb.
 12185 | D:10     | Noticed a balrug
 12493 | Lair:1   | Entered Level 1 of the Lair of Beasts
 12493 | Lair:1   | Noticed Erica
 12503 | Lair:1   | Killed Erica
 12562 | Lair:1   | Found a transporter.
 12563 | Lair:1   | Noticed Othiruos's ghost (journeyman DsCj)
 12581 | Lair:1   | Reached skill level 8 in Spellcasting
 12595 | Lair:1   | Gained mutation: You have an extremely huge brain. (Int +4)
                  | [demonic ancestry]
 12595 | Lair:1   | Reached XP level 12. HP: 63/86 MP: 13/24
 12596 | Lair:1   | Gained mutation: You cannot study or cast Poison magic. [Ru
                  | sacrifice]
 12596 | Lair:1   | Gained mutation: You cannot study or cast Hexes magic. [Ru
                  | sacrifice]
 12596 | Lair:1   | Gained mutation: You cannot study or cast Conjurations
                  | magic. [Ru sacrifice]
 12596 | Lair:1   | Reduced skill Poison Magic to level 0
 12596 | Lair:1   | Reached * piety under Ru
 12768 | Lair:1   | Found a dark tunnel.
 12842 | Volcano  | Entered a volcano
 13502 | Volcano  | HP: 16/104 [lindwurm/blast of flame (49)]
 13502 | Volcano  | HP: 7/104 [lindwurm (9)]
 13502 | Volcano  | HP: 3/104 [lindwurm (4)]
 13503 | Volcano  | Killed from afar by a lindwurm

Vanquished Creatures
  2 vault guards (Bailey)
  Erica (Lair:1)
  A two-headed ogre (D:8)
  2 lindwurms (Volcano)
  A black mamba (Lair:1)
  A smoke demon (Volcano)
  A gargoyle (D:10)
  Joseph (D:7)
  An unseen horror (D:10)
  Psyche (D:10)
  4 rime drakes (D:7)
  A komodo dragon (D:9)
  A troll (D:10)
  A hornet (D:8)
  Prince Ribbit (D:7)
  A blink frog (Bailey)
  2 shadows
  2 wraiths (D:9)
  5 wyverns
  8 yaks
  4 humans (Bailey)
  Grum (D:9)
  3 steam dragons (Volcano)
  Menkaure (D:5)
  2 water moccasins
  An acid dragon (D:9)
  A hell hound (Volcano)
  4 orc warriors
  2 ice beasts
  A hornet zombie (D:8)
  3 centaurs
  2 wolves (D:9)
  3 ogres
  A phantom (D:5)
  7 bullfrogs
  A wyvern zombie (D:8)
  A gnoll sergeant (D:8)
  2 scorpions
  6 necrophages
  12 wights (D:7)
  7 killer bees
  2 electric eels (D:8)
  A centaur zombie (D:8)
  4 howler monkeys
  3 orc priests
  5 gnoll boudas
  8 hounds
  2 jellies
  Jessica (D:3)
  An iguana (D:6)
  6 orc wizards
  8 mummies (Ossuary)
  Robin (D:3)
  30 gnolls
  11 adders
  2 shadow imps
  A white imp (D:6)
  An ufetubus (D:6)
  2 worms
  2 dart slugs
  25 orcs
  6 endoplasms
  2 giant cockroaches (D:1)
  18 goblins
  11 hobgoblins
  5 jackals
  6 quokkas
  4 ball pythons
  5 bats
  10 frilled lizards
  A hobgoblin zombie (Ossuary)
  8 kobolds
  6 kobold zombies (Ossuary)
  An orc zombie (Ossuary)
  6 rats
308 creatures vanquished.

Vanquished Creatures (others)
  A frilled lizard (D:6)
  A bush (D:8)
  46 plants
48 creatures vanquished.

Grand Total: 356 creatures vanquished

Table legend:
 A = Non-vault XP
 B = Vault XP
 C = Vault XP percentage of total XP
 D = Non-vault monster count
 E = Vault monster count
 F = Vault count percentage of total count
                 A         B        C        D         E       F
            +---------+---------+-------+---------+---------+-------
      Total |   11467 |   11556 |  50.2 |     222 |      86 |  27.9
            +---------+---------+-------+---------+---------+-------
        D:1 |      22 |       0 |   0.0 |      15 |       0 |   0.0
        D:2 |      58 |       0 |   0.0 |      24 |       0 |   0.0
        D:3 |     154 |      74 |  32.5 |      20 |      13 |  39.4
        D:4 |     550 |       0 |   0.0 |      20 |       0 |   0.0
        D:5 |     954 |     165 |  14.7 |      33 |       1 |   2.9
        D:6 |    1036 |      45 |   4.2 |      27 |       9 |  25.0
        D:7 |    2064 |    2170 |  51.3 |      28 |       6 |  17.6
        D:8 |    1495 |    1343 |  47.3 |      18 |      11 |  37.9
        D:9 |    1982 |     783 |  28.3 |      20 |       4 |  16.7
       D:10 |    1630 |     391 |  19.3 |      10 |       1 |   9.1
     Lair:1 |    1522 |     823 |  35.1 |       7 |       1 |  12.5
    Ossuary |       0 |     150 | 100.0 |       0 |      16 | 100.0
     Bailey |       0 |    3293 | 100.0 |       0 |      17 | 100.0
    Volcano |       0 |    2319 | 100.0 |       0 |       7 | 100.0
            +---------+---------+-------+---------+---------+-------

Illustrated notes

Table legend:
 A = Kills in this place as a percentage of kills in entire the game.
 B = Kills by you in this place as a percentage of kills by you in the entire game.
 C = Kills by friends in this place as a percentage of kills by friends in the entire game.
 D = Other kills in this place as a percentage of other kills in the entire game.
 E = Experience gained in this place as a percentage of experience gained in the entire game.
 F = Experience gained in this place divided by the number of levels of this place that you have seen.
                   A       B       C       D       E      F
               +-------+-------+-------+-------+-------+----------------------
         Total | 100.0 | 100.0 |   N/A |   N/A | 100.0 | 1534.9
       Dungeon |  84.4 |  84.4 |   N/A |   N/A |  64.8 | 1491.6
          Lair |   2.6 |   2.6 |   N/A |   N/A |  10.2 | 2345.0
       Ossuary |   5.2 |   5.2 |   N/A |   N/A |   0.7 | 150.0
        Bailey |   5.5 |   5.5 |   N/A |   N/A |  14.3 | 3293.0
       Volcano |   2.3 |   2.3 |   N/A |   N/A |  10.1 | 2319.0
               +-------+-------+-------+-------+-------+----------------------

Table legend: (Time is in decaauts)
 A = Elapsed time spent in this place.
 B = Non-inter-level travel time spent in this place.
 C = Inter-level travel time spent in this place.
 D = Time resting spent in this place.
 E = Time spent auto-exploring this place.
 F = Levels seen in this place.
 G = Mean time per level.
                   A        B        C        D        E       F      G
               +--------+--------+--------+--------+--------+-----+--------+
         Total |  13444 |  12986 |    458 |    876 |   9631 |  15 |  896.3 |
       Dungeon |  11168 |  10731 |    437 |    738 |   8081 |  10 | 1116.8 |
        Temple |    200 |    180 |     20 |      0 |    171 |   1 |  200.0 |
          Lair |    344 |    344 |      0 |      0 |    268 |   1 |  344.0 |
       Ossuary |    250 |    250 |      0 |      0 |    149 |   1 |  250.0 |
        Bailey |    826 |    826 |      0 |     59 |    501 |   1 |  826.0 |
       Volcano |    655 |    655 |      0 |     79 |    460 |   1 |  655.0 |
               +--------+--------+--------+--------+--------+-----+--------+

Top non-repeatable levels by time:
     D:3: 1573 daAuts
     D:4: 1364 daAuts
     D:9: 1361 daAuts
     D:1: 1258 daAuts
     D:7: 1168 daAuts
    D:10: 1112 daAuts
     D:8: 970 daAuts
     D:5: 922 daAuts
     D:6: 833 daAuts
  Bailey: 826 daAuts
 Volcano: 655 daAuts
     D:2: 602 daAuts
  Lair:1: 344 daAuts
 Ossuary: 250 daAuts
  Temple: 200 daAuts
